General information
- name: BNet
- type: Ladder team game (AT/RT)
- host: Battle.net
- saver: BEAR_AND
map: Highperch
- players: 6
- length: 34:51
- speed: Fast
- version: 1.21 W3XP
- replay type:

» download(177 KB)
Players
team 1 (loser)
daragosh (
teal | 22 APM | 778 actions | 34:38)
2 Beastmaster
1 Summon Bear
1 Summon Quilbeast
1 Blademaster
1 Mirror Image
1 Far Seer
1 Chain Lighting
» actions
| Build / train | 68 | |
| ESC pressed | 1 | |
| Enter build submenu | 27 | |
| Enter hero's abilities submenu | 4 | |
| Remove unit from queue | 9 | |
| Right click | 413 | |
| Select / deselect | 223 | |
| Use ability | 33 | |
778 total
» units
| Peon | 6 | |
| Grunt | 7 | |
| Troll Headhunter/Berserker | 13 | |
| Wind Rider | 4 | |
| Raider | 2 | |
32 total
» upgrades
| Pillage | 1 | |
| Ranged Weapons | 3 | |
| Melee Weapons | 3 | |
| Armor | 3 | |
| Berserker Strength | 1 | |
| Troll Regeneration | 1 | |
| Spiked Barricades | 2 | |
| Reinforced Defenses | 1 | |
| Ensnare | 1 | |
| Envenomed Spears | 1 | |
| Berserker Upgrade | 1 | |
18 total
» buildings
| Barracks | 1 | |
| Altar of Storms | 1 | |
| Orc Burrow | 7 | |
| War Mill | 1 | |
| Watch Tower | 10 | |
| Stronghold | 1 | |
| Beastiary | 1 | |
| Fortress | 1 | |
23 total
» build order
00:25 Barracks
00:42 Altar of Storms
01:34 Orc Burrow
01:49 Orc Burrow
03:20 War Mill
05:08 Orc Burrow
06:46 Orc Burrow
07:46 Orc Burrow
10:33 Watch Tower
10:47 Watch Tower
11:48 Watch Tower
11:55 Orc Burrow
12:02 Watch Tower
12:53 Watch Tower
12:58 Orc Burrow
13:23 Watch Tower
13:30 Watch Tower
14:03 Watch Tower
14:30 Watch Tower
14:53 Watch Tower
14:59 Stronghold
18:53 Beastiary
27:30 Fortress
DlSTURBED (
blue | 28 APM | 949 actions | 34:17)
2 Blood Mage
1 Flame Strike
1 Siphon Mana
2 Dark Ranger
1 Black Arrow
1 Life Drain
» actions
| Basic commands | 87 | |
| Build / train | 62 | |
| Enter build submenu | 22 | |
| Enter hero's abilities submenu | 4 | |
| Right click | 369 | |
| Select / deselect | 364 | |
| Use ability | 41 | |
949 total
» units
| Peasant | 17 | |
| Rifleman | 5 | |
| Gryphon Rider | 13 | |
| Siege Engine | 17 | |
52 total
» upgrades
» buildings
| Lumber Mill | 1 | |
| Farm | 12 | |
| Altar of Kings | 1 | |
| Barracks | 1 | |
| Keep | 1 | |
| Blacksmith | 1 | |
| Scout Tower | 1 | |
| Guard Tower | 1 | |
| Castle | 1 | |
| Gryphon Aviary | 2 | |
| Workshop | 2 | |
24 total
» build order
00:04 Lumber Mill
00:13 Farm
00:55 Altar of Kings
02:09 Barracks
02:38 Farm
03:00 Keep
03:24 Blacksmith
04:51 Scout Tower
05:52 Guard Tower
06:30 Castle
06:52 Farm
07:32 Farm
07:56 Gryphon Aviary
09:21 Gryphon Aviary
09:25 Farm
10:28 Farm
11:12 Farm
12:34 Farm
13:32 Farm
17:41 Workshop
19:06 Workshop
21:15 Farm
22:10 Farm
23:31 Farm
Yatzi (
yellow | 25 APM | 857 actions | 34:20)
1 Keeper of the Grove
1 Force of Nature
1 Warden
1 Fan of Knives
» actions
| Assign group hotkey | 20 | |
| Basic commands | 8 | |
| Build / train | 40 | |
| Enter build submenu | 15 | |
| Enter hero's abilities submenu | 3 | |
| Remove unit from queue | 5 | |
| Right click | 339 | |
| Select / deselect | 212 | |
| Select group hotkey | 160 | |
| Use ability | 55 | |
857 total
» units
» upgrades
| Moon Armor | 2 | |
| Strength of the Moon | 2 | |
| Sentinel | 1 | |
5 total
» buildings
| Moon Well | 6 | |
| Altar of Elders | 1 | |
| Ancient of War | 1 | |
| Hunter's Hall | 1 | |
| Tree of Ages | 1 | |
| Tree of Eternity | 1 | |
| Tree of Life | 1 | |
12 total
» build order
00:08 Moon Well
00:10 Altar of Elders
00:55 Ancient of War
01:55 Moon Well
02:22 Hunter's Hall
04:12 Tree of Ages
06:07 Moon Well
07:13 Moon Well
10:46 Moon Well
14:45 Tree of Eternity
15:23 Moon Well
16:46 Tree of Life
team 2 (winner)
BEAR_AND (
purple | 68 APM | 2379 actions | 34:51)
5 Archmage
3 Blizzard
2 Brilliance Aura
» actions
| Assign group hotkey | 7 | |
| Basic commands | 2 | |
| Build / train | 75 | |
| Enter build submenu | 37 | |
| Enter hero's abilities submenu | 5 | |
| Give item / drop item | 3 | |
| Right click | 1383 | |
| Select / deselect | 231 | |
| Select group hotkey | 533 | |
| Use ability | 102 | |
2379 total
» units
| Peasant | 18 | |
| Dragonhawk Rider | 4 | |
22 total
» upgrades
| Masonry | 3 | |
| Magic Sentry | 1 | |
| Lumber Harvesting | 2 | |
| Swords | 2 | |
| Armor | 2 | |
| Animal War Training | 1 | |
| Cloud | 1 | |
12 total
» buildings
| Altar of Kings | 1 | |
| Farm | 11 | |
| Lumber Mill | 1 | |
| Scout Tower | 30 | |
| Arcane Tower | 4 | |
| Guard Tower | 19 | |
| Keep | 1 | |
| Town Hall | 1 | |
| Arcane Sanctum | 1 | |
| Castle | 1 | |
| Gryphon Aviary | 2 | |
| Arcane Vault | 1 | |
| Blacksmith | 1 | |
| Barracks | 1 | |
75 total
» build order
00:07 Altar of Kings
00:19 Farm
00:51 Farm
01:06 Lumber Mill
01:12 Scout Tower
01:41 Arcane Tower
01:54 Scout Tower
02:23 Guard Tower
02:25 Scout Tower
02:45 Scout Tower
02:55 Guard Tower
02:57 Scout Tower
03:15 Scout Tower
03:38 Guard Tower
03:46 Guard Tower
04:26 Scout Tower
04:30 Scout Tower
04:59 Guard Tower
05:00 Scout Tower
05:03 Scout Tower
05:04 Scout Tower
05:05 Scout Tower
05:05 Scout Tower
05:50 Guard Tower
05:52 Scout Tower
05:53 Scout Tower
05:54 Scout Tower
06:02 Scout Tower
06:04 Keep
06:05 Arcane Tower
06:06 Guard Tower
06:27 Guard Tower
06:29 Scout Tower
06:31 Scout Tower
06:33 Guard Tower
06:34 Scout Tower
06:43 Guard Tower
07:03 Guard Tower
07:57 Town Hall
08:13 Guard Tower
08:36 Guard Tower
08:55 Arcane Sanctum
09:39 Scout Tower
09:40 Scout Tower
09:41 Scout Tower
09:42 Scout Tower
10:33 Castle
11:19 Arcane Tower
11:20 Guard Tower
11:29 Guard Tower
11:35 Guard Tower
11:37 Scout Tower
11:38 Scout Tower
11:38 Scout Tower
11:40 Scout Tower
11:41 Scout Tower
11:42 Scout Tower
12:33 Guard Tower
14:10 Guard Tower
14:16 Gryphon Aviary
14:17 Gryphon Aviary
14:34 Arcane Vault
14:57 Guard Tower
15:08 Blacksmith
15:10 Barracks
17:13 Farm
17:14 Farm
17:16 Farm
17:18 Farm
17:19 Farm
17:22 Farm
17:23 Farm
17:24 Farm
17:24 Farm
» items
| Boots of Speed | 1 | |
| Staff of Teleportation | 1 | |
| Healing Salve | 2 | |
| Lesser Clarity Potion | 1 | |
| Scroll of Town Portal | 1 | |
| Staff of Sanctuary | 1 | |
7 total
bLiNn (
red | 78 APM | 2705 actions | 34:39)
6 Blademaster
3 Wind Walk
2 Critical Strike
1 Bladestorm
5 Shadow Hunter
2 Hex
3 Healing Wave
» actions
| Assign group hotkey | 155 | |
| Basic commands | 25 | |
| Build / train | 55 | |
| Enter build submenu | 28 | |
| Enter hero's abilities submenu | 11 | |
| Give item / drop item | 3 | |
| Remove unit from queue | 1 | |
| Right click | 1502 | |
| Select / deselect | 377 | |
| Select group hotkey | 395 | |
| Use ability | 152 | |
2705 total
» units
» upgrades
| Spiked Barricades | 1 | |
| Liquid Fire | 1 | |
| Reinforced Defenses | 1 | |
| Ranged Weapons | 1 | |
| Armor | 1 | |
5 total
» buildings
| Altar of Storms | 1 | |
| Orc Burrow | 4 | |
| War Mill | 1 | |
| Watch Tower | 15 | |
| Voodoo Lounge | 2 | |
| Stronghold | 2 | |
| Beastiary | 2 | |
| Fortress | 1 | |
28 total
» build order
00:03 Altar of Storms
00:12 Orc Burrow
00:35 War Mill
01:50 Watch Tower
02:20 Watch Tower
02:30 Orc Burrow
02:59 Watch Tower
03:44 Watch Tower
04:03 Voodoo Lounge
04:04 Stronghold
04:04 Stronghold
04:51 Watch Tower
05:12 Voodoo Lounge
05:14 Watch Tower
05:56 Watch Tower
06:27 Beastiary
06:28 Beastiary
06:30 Orc Burrow
07:19 Watch Tower
08:04 Watch Tower
08:24 Fortress
09:51 Watch Tower
09:52 Watch Tower
10:08 Orc Burrow
11:26 Watch Tower
11:27 Watch Tower
12:42 Watch Tower
12:42 Watch Tower
» items
| Boots of Speed | 1 | |
| Periapt of Vitality | 1 | |
| Staff of Teleportation | 1 | |
| Lesser Clarity Potion | 3 | |
| Healing Salve | 2 | |
| Orb of Lightning | 1 | |
| Scroll of Speed | 1 | |
| Scroll of Town Portal | 1 | |
11 total
iggy_the_fisk (
pink | 80 APM | 2774 actions | 34:39)
5 Mountain King
3 Storm Bolt
2 Bash
5 Goblin Tinker
2 Cluster Rockets
3 Engineering Upgrade
» actions
| Assign group hotkey | 294 | |
| Basic commands | 13 | |
| Build / train | 91 | |
| Enter build submenu | 49 | |
| Enter hero's abilities submenu | 10 | |
| Give item / drop item | 5 | |
| Right click | 1169 | |
| Select / deselect | 238 | |
| Select group hotkey | 706 | |
| Use ability | 199 | |
2774 total
» units
| Peasant | 16 | |
| Dragonhawk Rider | 7 | |
23 total
» upgrades
| Masonry | 3 | |
| Lumber Harvesting | 2 | |
| Magic Sentry | 1 | |
| Animal War Training | 1 | |
| Swords | 3 | |
| Armor | 3 | |
| Cloud | 1 | |
14 total
» buildings
| Altar of Kings | 1 | |
| Lumber Mill | 1 | |
| Farm | 5 | |
| Scout Tower | 41 | |
| Arcane Tower | 3 | |
| Guard Tower | 20 | |
| Keep | 4 | |
| Castle | 1 | |
| Arcane Sanctum | 1 | |
| Town Hall | 1 | |
| Arcane Vault | 2 | |
| Gryphon Aviary | 1 | |
| Blacksmith | 1 | |
| Barracks | 1 | |
83 total
» build order
00:04 Altar of Kings
00:18 Lumber Mill
00:27 Farm
00:59 Farm
01:16 Scout Tower
01:44 Arcane Tower
01:44 Arcane Tower
01:46 Scout Tower
02:06 Guard Tower
02:19 Scout Tower
02:21 Scout Tower
02:48 Guard Tower
02:49 Guard Tower
02:49 Guard Tower
02:51 Scout Tower
03:18 Scout Tower
03:32 Guard Tower
03:37 Scout Tower
03:52 Guard Tower
04:07 Arcane Tower
04:07 Keep
04:08 Keep
04:08 Keep
05:58 Scout Tower
06:01 Scout Tower
06:31 Castle
06:34 Arcane Sanctum
06:36 Guard Tower
07:29 Town Hall
07:53 Scout Tower
07:54 Scout Tower
07:56 Scout Tower
07:57 Scout Tower
08:10 Scout Tower
08:10 Scout Tower
08:12 Scout Tower
08:13 Scout Tower
08:16 Scout Tower
08:17 Scout Tower
08:17 Scout Tower
08:21 Scout Tower
08:22 Scout Tower
08:23 Scout Tower
08:37 Guard Tower
09:00 Guard Tower
09:01 Guard Tower
09:03 Scout Tower
09:03 Scout Tower
09:16 Guard Tower
09:43 Scout Tower
09:48 Guard Tower
10:42 Guard Tower
10:44 Scout Tower
10:48 Guard Tower
10:50 Scout Tower
10:50 Scout Tower
11:23 Arcane Vault
11:35 Guard Tower
12:23 Guard Tower
12:45 Gryphon Aviary
12:47 Farm
12:48 Farm
14:07 Blacksmith
14:08 Barracks
14:36 Scout Tower
14:37 Scout Tower
14:38 Scout Tower
14:40 Scout Tower
15:28 Scout Tower
15:29 Scout Tower
17:18 Guard Tower
17:26 Scout Tower
17:28 Scout Tower
17:30 Scout Tower
18:09 Scout Tower
18:10 Scout Tower
18:11 Scout Tower
18:12 Guard Tower
18:20 Guard Tower
18:22 Arcane Vault
19:33 Guard Tower
19:34 Farm
» items
| Lesser Clarity Potion | 1 | |
| Healing Salve | 2 | |
| Scroll of Speed | 1 | |
| Boots of Speed | 2 | |
| Staff of Teleportation | 2 | |
| Staff of Sanctuary | 1 | |
| Orb of Lightning | 2 | |
11 total
Chat log
(00:23 / All) iggy_the_fisk: deg :)
(01:21 / Allies) bLiNn: arkmage
(01:29 / All) iggy_the_fisk: Ärkemagiker
(01:41 / All) DlSTURBED: hablas ingles?
(01:48 / All) Yatzi: Spriechen sie ingrish?
(02:46 / All) iggy_the_fisk: call the union
(03:16 / All) Yatzi: RABBLE RABBLE
(03:24 / All) iggy_the_fisk: ty for the free win
(03:36 / All) daragosh: Not so fast douchemonkey
(03:37 / All) DlSTURBED: np
(04:04 / All) Yatzi: Mighty pro you got there red
(04:09 / All) bLiNn: hmm.
(04:13 / All) bLiNn: you lost 2 archers and 3 wisp
(04:18 / All) bLiNn: and gained.?
(04:19 / All) Yatzi: I SAID MIGHTY PRO YOU GOT THERE
(04:26 / All) Yatzi: I lost 1 archer and 1 wisp
(04:27 / All) iggy_the_fisk: why are you so bad at this game
(04:27 / All) Yatzi: Retard
(04:29 / All) iggy_the_fisk: are you stupid?
(04:32 / All) bLiNn: hahah
(04:33 / All) bLiNn: watch the replay child
(04:40 / All) Yatzi: Ok senior retardo
(04:41 / All) daragosh: haha
(04:45 / All) iggy_the_fisk: Or more replays like it at www.highper.ch thanks
(04:53 / All) Yatzi: No
(04:56 / All) Yatzi: no fucking way jews
(05:00 / All) Yatzi: NO FUCKING WAY
(05:04 / All) Yatzi: NO FUCK WAYYYYYY
(05:09 / All) Yatzi: NOOOO FUCKKKING WAYYYYY
(06:05 / All) bLiNn: QUICK. MILITIA EVERYTHING
(08:25 / All) iggy_the_fisk: leave fools
(08:32 / All) Yatzi: No youf ucking retard
(08:33 / All) Yatzi: God damnit
(08:40 / All) bLiNn: You're noobs, yes, but not as we know them, not as we know them, not as we know them..
(08:56 / All) Yatzi: Trying to sound smart there, retardo, ay?
(09:02 / All) BEAR_AND: do you mean "eh"
(09:09 / All) Yatzi: nO
(09:11 / All) BEAR_AND: learn to pl"eh"
(09:11 / All) daragosh: hes canadian
(09:12 / All) Yatzi: I said Ay
(09:14 / All) daragosh: jk.
(09:23 / All) daragosh: thats piratish
(09:24 / All) BEAR_AND: learn to pl"ay"
(09:36 / All) Yatzi: You, sir, are racist
(10:01 / All) bLiNn: you guys read popular humour website somethingawful?
(10:15 / All) Yatzi: Wtf
(10:16 / All) Yatzi: Jesus
(10:19 / All) Yatzi: You sure are stupid
(10:28 / All) Yatzi: Stupid enough to say that dumb of a comment
(10:40 / All) Yatzi: That hardly even makes sense
(14:34 / All) Yatzi: Darnit
(14:37 / All) Yatzi: I was typing jew :(
(14:50 / All) bLiNn: Mass gryphons... unexpected
(15:05 / All) Yatzi: Well that is because you iz jewbs
(15:26 / All) bLiNn: you think "jewbs" is funny. . i will put this in ur personnel file
(15:28 / All) BEAR_AND: 4chan filth? shut your vapid holes
(15:36 / All) Yatzi: Dont tell me what to do
(15:38 / All) Yatzi: YOu fag
(15:39 / All) daragosh: I choose not to Jewbaca.
(15:41 / All) Yatzi: jeez
(15:50 / All) Yatzi: ONLY GOTHMOG IS JEWBACA
(15:52 / All) Yatzi: DONT ABUSE THE WORD
(15:56 / All) daragosh: OKAY
(15:56 / All) bLiNn: damn... how can we counter this amazing strategy?
(16:09 / All) Yatzi: Sarcasim is for noobs
(16:11 / All) iggy_the_fisk: ty
(16:11 / All) BEAR_AND: a legion of bats flies at ye
(16:15 / All) BEAR_AND: can you micro faster than me?
(16:19 / All) BEAR_AND: leave game
(16:19 / All) BEAR_AND: now
(16:22 / All) DlSTURBED: prolly not
(16:24 / All) daragosh: You.
(16:35 / All) bLiNn: hmm have you guys even expanded yet
(16:43 / All) DlSTURBED: cuz we suck duh
(16:50 / All) Yatzi: yeah jesus
(16:53 / All) Yatzi: You guys are so cocky
(16:58 / All) daragosh: My hero is still lvl one
(16:59 / All) Yatzi: and calling out the obviouse
(17:00 / All) BEAR_AND: and you guys are FUCKING AWFUL
(17:03 / All) BEAR_AND: leave game
(17:04 / All) daragosh: Yeah
(17:06 / All) Yatzi: Wow
(17:09 / All) Yatzi: Dont tell us what to do
(17:12 / All) Yatzi: If we are so horrible
(17:13 / All) Yatzi: You leave
(17:14 / All) daragosh: Towering everywhere.
(17:19 / All) DlSTURBED: the day that i think im better than someone cuz im better than them is the day i tell myself i have no life
(17:21 / All) iggy_the_fisk: we are your superiors
(17:22 / All) iggy_the_fisk: bow
(17:37 / All) Yatzi: um
(17:38 / All) Yatzi: No
(17:40 / All) Yatzi: jesus
(17:42 / All) daragosh: Press alt q q
(17:44 / All) Yatzi: you guys are retarded
(17:49 / All) BEAR_AND: ?
(17:49 / All) BEAR_AND: ?
(17:50 / All) BEAR_AND: ?
(17:53 / All) Yatzi: But I cant blame you
(17:57 / All) BEAR_AND: you are bad at a very easy video game
(17:57 / All) iggy_the_fisk: ty for this win filth
(17:58 / All) Yatzi: Since you got mentaly abused
(17:59 / All) BEAR_AND: now who is retarded?
(18:01 / All) Yatzi: when you were young
(18:02 / All) daragosh: Its instant win, its an Exploit press alt qq
(18:07 / All) BEAR_AND: wow
(18:19 / All) Yatzi: Well I just started laddering sort of
(18:22 / All) BEAR_AND: well
(18:22 / All) BEAR_AND: stop
(18:24 / All) BEAR_AND: go back to dota
(18:26 / All) BEAR_AND: shitnoob
(18:27 / All) Yatzi: Because ladder is for jews
(18:29 / All) Yatzi: Lol
(18:30 / All) Yatzi: LOL
(18:31 / All) bLiNn: protect your expo!!
(18:32 / All) iggy_the_fisk: you will never get good
(18:33 / All) BEAR_AND: WOW antisemetism
(18:35 / All) BEAR_AND: ncie
(18:35 / All) iggy_the_fisk: because you are stupid
(18:35 / All) daragosh: Press Alt Q Q and you get instant win
(18:35 / All) Yatzi: LOL
(18:37 / All) Yatzi: IM NOT TAKING THAT
(18:38 / All) Yatzi: NO
(18:39 / All) Yatzi: NO
(18:40 / All) Yatzi: FUCK YOU
(18:45 / All) Yatzi: I AM NOT TAKING THAT UNSILT YOU FAGGOT
(18:48 / All) Yatzi: YOU FUCKING RETARD
(18:55 / All) Yatzi: YOU DESERVE SUIPOER ADIODS
(18:57 / All) BEAR_AND: move out of blizz
(18:57 / All) BEAR_AND: fast
(19:04 / All) bLiNn: DONT LOSE YOUR WARDEN
(19:07 / All) Yatzi: YOU FUCKING RETARDS
(19:08 / All) Yatzi: GOD DAMNIT
(19:11 / All) BEAR_AND: again
(19:14 / All) Yatzi: I AM GOING TO
(19:16 / All) daragosh: DIE DAMNIT
(19:17 / All) iggy_the_fisk: arargh how do i click these buttons my fingers are so fat
(19:19 / All) Yatzi: FUCKING PWN YOUR MOMS ASS
(19:25 / All) Yatzi: THEN ENJOY IT
(19:26 / All) BEAR_AND: kill me
(19:27 / All) BEAR_AND: huyrry
(19:33 / All) BEAR_AND: nope over here
(19:39 / All) BEAR_AND: im typingg
(19:40 / All) BEAR_AND: kill me
(19:40 / All) daragosh: your fucking whoress isnt fast enough
(19:45 / All) Yatzi: YOU WILL FRIGHT THE DAY YOU WATCH YOUR MOM GET EATEN ALIVE BY A MONGOOS FROM THE SOLOMIN ISLANDS
(20:00 / All) Yatzi: YOU SONO OF A BITCH
(20:02 / All) Yatzi: GO DIE
(20:03 / All) Yatzi: DIE
(20:04 / All) Yatzi: DIE
(20:04 / All) Yatzi: DIE
(20:05 / All) Yatzi: DIE
(20:05 / All) Yatzi: DIE
(20:06 / All) Yatzi: DIE
(20:06 / All) Yatzi: DIE
(20:07 / All) Yatzi: DIE
(20:07 / All) Yatzi: DI
(20:10 / All) BEAR_AND: LMAO!
(20:11 / All) BEAR_AND: LMFAO!
(20:16 / All) BEAR_AND: LMFAOTFROFL!
(20:19 / All) Yatzi: I HAVE BETTER THINGS TO DO THEN KILL YOUR PATHETIC LIFE
(20:24 / All) BEAR_AND: ok leave
(20:28 / All) BEAR_AND: since you can't kill me single nerdhero
(20:35 / All) BEAR_AND: with 3 armies
(20:37 / All) Yatzi: OK LOSER
(20:39 / All) Yatzi: GO DIE
(20:47 / All) Yatzi: GO DIE DIE DIE DIE DIE DIE DIE DIE DIE DIE DIE DIE DIE DIE DIE
(20:49 / All) iggy_the_fisk: lmfao scared nerds
(20:51 / All) Yatzi: DIE DIE
(20:55 / All) BEAR_AND: lmfao Sacred Nerds
(20:57 / All) Yatzi: YOU SON OF A BITCH
(20:59 / All) bLiNn: stop losing hunts please
(20:59 / All) DlSTURBED: everyone who plays warcraft is a nerd
(21:02 / All) BEAR_AND: the sanctity of Noobdom
(21:06 / All) Yatzi: GOD DAMNIT
(21:10 / All) Yatzi: I AM NOT EVEN TRYING
(21:18 / All) iggy_the_fisk: yet only few of them are too scared to talk to another human
(21:19 / All) BEAR_AND: why don't you start
(21:20 / All) Yatzi: I AM JUST TELLING YOU RETARDS TO DIE
(21:20 / All) iggy_the_fisk: come on our vent nerd
(21:23 / All) BEAR_AND: you guys have ventrilo?
(21:28 / All) BEAR_AND: we're laughing pretty hard at your retardom
(21:29 / All) daragosh: DUMB TARD DIE
(21:30 / All) Yatzi: JUST STFU
(21:32 / All) Yatzi: STFU RIGHT NOW
(21:33 / All) BEAR_AND: silver.typefrag.com 32012
(21:39 / All) bLiNn: peace
(21:39 / All) daragosh: DIE DAMNIT
(21:44 / All) Yatzi: YOU LOSERS ACTUALY USE THAT SHIT?
(21:45 / All) Yatzi: LOL
(21:50 / All) daragosh: ROFL
(21:52 / All) Yatzi: YOU GUYS ARE HUGE LOSERIDISMS
(21:55 / All) Yatzi: OMG
(21:59 / All) iggy_the_fisk: you use telephones
(22:01 / All) bLiNn: how else we gonna laugh to each other while we own you effortlessly?
(22:01 / All) BEAR_AND: obv i don't need to since i can type While Microing away from your shit noob teal
(22:02 / All) Yatzi: I CANT EVEN COMPARE TO YOU GUYS IN LOSERIDISM
(22:06 / All) Yatzi: LOLLLLLLLLLLLLLL
(22:07 / All) Yatzi: LMFAO
(22:10 / All) Yatzi: AHAHAHAHAHAH
(22:14 / All) Yatzi: AHJGHASHDFHASF
(22:17 / All) daragosh: NOOOOOOOOOBS
(22:18 / All) Yatzi: HAHAHAHAAAAAAAAAAAA
(22:20 / All) BEAR_AND: THANKS
(22:20 / All) BEAR_AND: FOR
(22:21 / All) Yatzi: HAHAHAHAHAHA
(22:21 / All) BEAR_AND: GRYPHON
(22:22 / All) iggy_the_fisk: 4chan filth never does
(22:23 / All) BEAR_AND: WOW
(22:23 / All) BEAR_AND: WOW
(22:24 / All) Yatzi: JESUS CHRIST
(22:24 / All) BEAR_AND: WOW
(22:25 / All) BEAR_AND: WOW
(22:25 / All) BEAR_AND: WOW
(22:26 / All) BEAR_AND: WOW
(22:26 / All) BEAR_AND: WOW
(22:27 / All) bLiNn: ahahahaha
(22:27 / All) BEAR_AND: WOW
(22:28 / All) BEAR_AND: WOW
(22:28 / All) bLiNn: ahahahaha
(22:29 / All) Yatzi: YOU GUYS HAVE LIKE NO LIFE
(22:30 / All) BEAR_AND: WOW!!!!!!!!!!!!
(22:36 / All) Yatzi: LOLLLLLLLLLLLL
(22:37 / All) Yatzi: LOL
(22:38 / All) Yatzi: LOL
(22:39 / All) Yatzi: LOL
(22:44 / All) daragosh: YOU GUYS WATCH THE COOKIE MONSTER ALL DAY TO GET A FUCKING BONER
(22:44 / All) Yatzi: LOLOLOLOLOLOLOLOLOL(OLOLOL
(22:45 / All) bLiNn: please watch this replay from our perspective at Http://WWW.HighPer.Ch
(23:07 / All) bLiNn: Ah yes, the old "staff and laugh"
(23:08 / All) Yatzi: YOU GUYS WATCH 2MEN1HORSE WHILE PREFORMING BEASTIALITY UPON A PIG
(23:13 / All) DlSTURBED: ur calling us nerds and yet ur sharing ur vitctory of a game over the computer with a bunch of other people?
(23:24 / All) DlSTURBED: and think ur good cuz of it?
(23:40 / All) BEAR_AND: kill mne
(23:41 / All) Yatzi: I THINK IM GONNA CRY FROM THAT EARLIER COMMENT
(23:45 / All) Yatzi: LOL
(23:46 / All) Yatzi: LOL
(23:54 / All) Yatzi: So you guys are scared?
(23:58 / All) BEAR_AND: KILL ME
(23:58 / All) iggy_the_fisk: because they're afraid an adult might answer
(24:02 / All) iggy_the_fisk: call us / come on our vent
(24:09 / All) Yatzi: LOL
(24:11 / All) Yatzi: JESUS CHRIST
(24:13 / All) DlSTURBED: ill give u my number ill let u call me
(24:17 / All) BEAR_AND: ok
(24:19 / All) BEAR_AND: go
(24:21 / All) Yatzi: YOU LOSERS MIGHT AS WELL GO ABUSE WARLOCKS ON WOW
(24:22 / All) Yatzi: LOL
(24:23 / All) Yatzi: LOL
(24:25 / All) Yatzi: LOLLLLLLL
(24:25 / All) BEAR_AND: "wow"
(24:26 / All) daragosh: LOL
(24:27 / All) daragosh: LOL
(24:27 / All) daragosh: LOL
(24:28 / All) BEAR_AND: sorry
(24:30 / All) Yatzi: LOL
(24:31 / All) bLiNn: what is wow
(24:34 / All) daragosh: GO PLAY ON PRIVATE SERVERS YOU POOR FUCKING BASTARDS
(24:34 / All) Yatzi: LOL
(24:39 / All) Yatzi: LOLOLOLOLOLOLOLOLOL
(24:41 / All) Yatzi: LMFAO
(24:43 / All) iggy_the_fisk: yo what's your phone number
(24:46 / All) BEAR_AND: lmfao nope i make a couple hundred a month from war3
(24:49 / All) Yatzi: MINE IS 9-1-1
(24:50 / All) daragosh: LOL YOUR PLAYING A BLIZZARD GAME AND YOU DONT EVEN KNOW WHAT WOW IS LOL
(25:06 / All) Yatzi: ASK FOR A GUY NAMED TONY KILLER
(25:13 / All) Yatzi: AND TELL THEM YOU WANT TO GIVE HIM A KNIFE
(25:17 / All) Yatzi: THEY WILL KNOW WHAT YOU MEAN
(25:20 / All) Yatzi: XD
(25:21 / All) Yatzi: XD
(25:21 / All) Yatzi: XD
(25:22 / All) Yatzi: X
(25:23 / All) Yatzi: D
(25:27 / All) bLiNn: watch your warden
(25:34 / All) bLiNn: watch your keeper
(25:40 / All) iggy_the_fisk: where you nerd slive
(25:51 / All) Yatzi: THAT VENTRILLO COMMENT WS REALY SAD
(25:51 / All) BEAR_AND: yo
(25:52 / All) Yatzi: GOD DAMNIT
(25:53 / All) BEAR_AND: where you live?
(25:54 / All) BEAR_AND: Blue?
(25:58 / All) Yatzi: YOU GUYS ARE CALLING US NOOBS
(25:59 / All) Yatzi: XD
(26:00 / All) Yatzi: XD
(26:00 / All) Yatzi: XD
(26:02 / All) daragosh: You could be a rapist -_o
(26:03 / All) DlSTURBED: texas
(26:06 / All) BEAR_AND: texas really?
(26:08 / All) Yatzi: TEXAS FTW
(26:11 / All) Yatzi: TEXAS IS PWNZORZ
(26:13 / All) DlSTURBED: but born n raised in Pittsburgh PA
(26:15 / All) Yatzi: Except when it rains
(26:17 / All) bLiNn: texas is pretty swet actually
(26:21 / All) bLiNn: sweet.
(26:21 / All) daragosh: ...wisconsin.. =/
(26:23 / All) iggy_the_fisk: swet lue
(26:31 / All) bLiNn: watch your bloodmage
(26:33 / All) BEAR_AND: sooooooo that's your cellphone from PA?
(26:37 / All) DlSTURBED: im not gonna
(26:43 / All) DlSTURBED: no point in even doing anything
(26:47 / All) Yatzi: nooooo
(26:52 / All) Yatzi: The laughter is dying down
(26:55 / All) Yatzi: SAY IT AGAIN
(26:56 / All) Yatzi: SAY IT
(26:57 / All) Yatzi: PLZ
(26:59 / Allies) iggy_the_fisk: swetlue
(27:41 / All) DlSTURBED: still havent gotten a call
(27:45 / All) BEAR_AND: im playing
(27:45 / All) BEAR_AND: sec
(27:57 / All) daragosh: lol your point? if you can talk in gayfucking ventrilo you can call
(28:01 / All) iggy_the_fisk: yes
(28:05 / All) bLiNn: ventrilo is hands-free!
(28:07 / All) BEAR_AND: vent takes no hands phone does
(28:18 / All) daragosh: So is a phone..talk loudly..
(28:18 / All) Yatzi: So?
(28:19 / All) bLiNn: see we do this thing called "micro" our units
(28:24 / All) Yatzi: If you can multitask and micro
(28:24 / All) DlSTURBED: yup its true ventril is hands free, lets u jack off when ur talking to ur buds
(28:27 / All) Yatzi: Then you sure are kick ass
(28:33 / All) BEAR_AND: god
(28:33 / All) daragosh: Heard of Bluetooth?
(28:33 / All) BEAR_AND: LEAVE
(28:35 / All) Yatzi: WHOA
(28:37 / All) Yatzi: BEST IDEA EVER
(28:39 / All) bLiNn: heard of Goldtooth?
(28:41 / All) BEAR_AND: yeah i don't have a fucking bluetooth headset sorry noob
(28:41 / All) Yatzi: WHOA
(28:42 / All) Yatzi: TOTALY
(28:45 / All) DlSTURBED: the more we annoy u the better :)
(28:51 / All) bLiNn: you're really not annoying us
(28:55 / All) iggy_the_fisk: www.highper.ch thank u
(28:59 / All) iggy_the_fisk: bow to your masters
(29:01 / All) Yatzi: 2guys1horse.com
(29:02 / All) bLiNn: please visit our website and buy some t-shirts
(29:04 / All) Yatzi: :D
(29:09 / All) DlSTURBED: may as well waste my tanks
(29:10 / All) Yatzi: no losers
(29:16 / All) Yatzi: You guys sell t-shirts?!?!?!
(29:19 / All) iggy_the_fisk: we find people get a bit more annoyed when you actually win thx bye
(29:27 / All) Yatzi: You insult people then tell them to buy your clothing?!
(29:32 / All) BEAR_AND: how many towers those tanks kill
(29:34 / All) BEAR_AND: 1?
(29:38 / All) bLiNn: Well maybe you be impressed
(29:46 / All) DlSTURBED: told ya i was wasting em lol
(29:49 / All) BEAR_AND: there you go
(29:50 / All) BEAR_AND: one
(29:52 / All) bLiNn: by how good we are, maybe buy a shirt or two for your cousin
(29:58 / All) bLiNn: it's happened before
(30:10 / All) daragosh: Lol i dont have a cousin.
(30:13 / All) Yatzi: Well the buyer was retarded
(30:36 / All) DlSTURBED: phone is rather quiet...
(30:59 / All) Yatzi: I dont see why you cant puit your phone between your neck and your ear to talk...
(31:06 / All) bLiNn: he's calling now
(31:07 / All) Yatzi: Unless you are too fat to do so
(31:36 / All) iggy_the_fisk: doot doot
(31:37 / All) iggy_the_fisk: doooot
(31:39 / All) bLiNn: we listening over vent btw
(31:42 / All) bLiNn: it's ringing
(31:53 / All) Yatzi: You guys are worse then lich_king_7 >_<
(31:59 / All) Yatzi: THATS RIGHT
(32:00 / All) bLiNn: hahahaha
(32:01 / All) Yatzi: I WENT THERE
(32:02 / All) bLiNn: hahahaha
(32:05 / All) Yatzi: YOU GUYS ARE WORSE THEN HIM
(32:17 / All) bLiNn: you tell us.. you want to make us annoyed?
(32:19 / All) bLiNn: i chuckle
(32:22 / All) BEAR_AND: redneck
(32:37 / All) Yatzi: You, sir, are incredibly racist purple
(32:46 / All) Yatzi: I aint no mexican
(32:56 / All) BEAR_AND: wow blue
(32:57 / All) BEAR_AND: redneck
(32:59 / All) BEAR_AND: shithole
(33:00 / All) BEAR_AND: lmfao
(33:03 / All) BEAR_AND: nice accent
(33:05 / All) BEAR_AND: white trash
(33:13 / All) bLiNn: Beastmaster, Blademaster, Far Seer
(33:15 / All) bLiNn: good choice
(33:18 / All) BEAR_AND: nice trihero
(33:30 / All) BEAR_AND: learn to play; stop being white trash: Two Impossibilities for blue
(33:39 / All) bLiNn: so are you guys going to treehide? or have you not heard of that yet
(33:56 / All) Yatzi: ???
(34:00 / All) Yatzi: we arnt tree hiding
(34:11 / All) Yatzi: As a matter of fact I put literaly no effort into this game O_O
(34:15 / All) bLiNn: it shows
(34:34 / All) daragosh: DOUCHEFUCKMONKEYSOFHELLTHATLIKETOWACKOFFATEACHOTHER'SVOICES